 Dungeon Crawl Stone Soup version 0.31-a0-960-g0fca184906 (webtiles) character file.

Game seed: 10652423216887473265

263 Fodor the Covered (level 5, 0/46 HPs)
             Began as a Minotaur Fighter on Oct 24, 2023.
             Slain by an ogre
             ... wielding a +0 giant club
              (19 damage)
             ... on level 4 of the Dungeon.
             The game lasted 00:13:30 (2392 turns).

Fodor the Covered (Minotaur Fighter)                Turns: 2392, Time: 00:13:30

Health: 0/46       AC: 10    Str: 22    XL:     5   Next: 98%
Magic:  0/4        EV:  8    Int:  5    God:
Gold:   115        SH:  0    Dex: 10    Spells: 4/4 levels left

rFire   + + .        b - +0 battleaxe
rCold   x x .        (shield currently unavailable)
rNeg    . . .        o - +0 chain mail
rPois   .            (helmet restricted)
rElec   .            (no cloak)
rCorr   .            (no gloves)
SInv    +            (no boots)
Will    .....        m - amulet "Ongoc" {Spirit SInv} Stlth
                     e - ring of fire
HPRegen 0.27/turn    g - ring of fire
MPRegen 0.09/turn

%: guardian spirit
@: no status effects
A: horns 2, retaliatory headbutt
a: no special abilities


You were on level 4 of the Dungeon.
You visited 1 branch of the dungeon, and saw 4 of its levels.

You collected 115 gold pieces.

Inventory:

Hand Weapons
 b - a +0 battleaxe (weapon)
 n - a +0 arbalest
Missiles
 k - 5 poisoned darts (quivered)
Armour
 c - a +0 buckler
 o - a +0 chain mail (worn)
Jewellery
 e - a ring of fire (left hand)
 g - a ring of fire (right hand)
 m - the amulet "Ongoc" (around neck) {Spirit SInv}
   (You found it on level 2 of the Dungeon)

   [amulet of guardian spirit]

   Spirit:    It causes incoming damage to be divided between your reserves of
   health and magic.
   SInv:      It lets you see invisible.
 q - a ring of poison resistance
Talismans
 p - a blade talisman
Scrolls
 d - a scroll of immolation {unknown}
 f - 6 scrolls of identify {unknown}
 i - a scroll of revelation {unknown}
Potions
 a - a potion of curing {unknown}
 h - 2 potions of enlightenment {unknown}
 j - a potion of brilliance {unknown}
 l - a potion of berserk rage {unknown}


   Skills:
 + Level 4.1 Fighting
 + Level 4.4 Long Blades
 + Level 1.0 Axes
 + Level 0.1 Throwing
 + Level 5.5 Armour
 + Level 1.2 Dodging
 + Level 0.3 Stealth
 + Level 4.8 Shields


You had 4 spell levels left.
You didn't know any spells.
Your spell library was empty.

Dungeon Overview and Level Annotations

Branches:
Dungeon (4/15)
 Temple: D:4-7

Altars:


Innate Abilities, Weirdness & Mutations

You have a pair of horns on your head.
You reflexively headbutt those who attack you in melee.


Message History

k - 3 poisoned darts (gained 1)
k - 4 poisoned darts (gained 1)
k - 5 poisoned darts (gained 1)
q - a ring of poison resistance You now have 115 gold pieces (gained 20).
Things that are here:
a +0 giant club; an ogre corpse
Things that are here:
a +0 giant club; an ogre corpse A jackal comes into view.
The jackal barks!
A jackal comes into view.
You hit the jackal. You headbutt the jackal.
You kill the jackal!
The jackal barely misses you.
You completely miss the jackal. You headbutt the jackal.
You kill the jackal!
Your Axes skill increases to level 1!
Found a plate armour.
An ogre comes into view. It is wielding a +0 giant club.
The ogre shouts!
Unknown command.
The ogre misses you.
You slash the ogre!
The ogre is moderately wounded.
The ogre hits you with a +0 giant club.
You barely miss the ogre.
The ogre is moderately wounded.
The ogre barely misses you.
You slash the ogre! Your headbutt misses the ogre.
The ogre is severely wounded.
The ogre barely misses you.
You hit the ogre.
The ogre is almost dead.
The ogre hits you with a +0 giant club!!
Ouch! That really hurt!
You completely miss the ogre.
The ogre is almost dead.
The ogre hits you with a +0 giant club!!
You die...

..................###.#.#
...... ..........#
.........# .........#
.........# .........###.#
.............#
.........##### ......O@.#
.........# .........#
.[.......# .........#
.........# .........#
#.########


You could see an ogre.

Vanquished Creatures
  An ogre (D:4)
  Jessica (D:2)
  2 iguanas
  Robin (D:2)
  An adder (D:3)
  2 worms (D:2)
  3 dart slugs
  An orc (D:3)
  4 ball pythons
  3 endoplasms
  2 giant cockroaches
  12 goblins
  6 hobgoblins
  9 jackals
  3 quokkas
  3 bats (D:3)
  A frilled lizard (D:2)
  6 kobolds
  8 rats
69 creatures vanquished.

Notes
Turn   | Place    | Note
-------+----------+-------------------------------------------
     0 | D:1      | Fodor the Minotaur Fighter began the quest for the Orb.
     0 | D:1      | Reached XP level 1. HP: 19/19 MP: 0/0
   519 | D:2      | Reached XP level 2. HP: 26/26 MP: 1/1
   618 | D:2      | Reached skill level 4 in Armour
   931 | D:2      | Noticed Jessica
   942 | D:2      | Killed Jessica
   943 | D:2      | Reached XP level 3. HP: 25/33 MP: 2/2
   989 | D:2      | Identified the amulet "Ongoc" {Spirit SInv}
  1247 | D:2      | Noticed Robin
  1261 | D:2      | Reached XP level 4. HP: 25/40 MP: 3/3
  1271 | D:2      | Killed Robin
  1552 | D:3      | Reached skill level 5 in Armour
  1712 | D:3      | Reached XP level 5. HP: 46/46 MP: 4/4
  2334 | D:4      | Reached skill level 1 in Dodging
  2341 | D:4      | Noticed an ogre
  2348 | D:4      | Killed an ogre
  2381 | D:4      | Reached skill level 1 in Axes
  2383 | D:4      | Noticed an ogre
  2392 | D:4      | Slain by an ogre

Illustrated notes

Levels and vault maps discovered:
D:1:      onia_arrival_pentagram, layout_rooms, hex_large
D:2:      layout_basic, uniq_jessica, uniq_robin
D:3:      layout_loops_cross, serial_rivers, chequers_serial_rivers_micro_d,
          chequers_serial_rivers_large_a, chequers_serial_rivers_small_3,
          chequers_serial_rivers_small_b, chequers_serial_rivers_micro_b,
          chequers_serial_rivers_marsh
D:4:      layout_basic

Skill      XL: |  1  2  3  4  5 |
---------------+----------------+-----
Shields        | 4 |  4.8
Armour         | 4 5 |  5.5
Long Blades    | 3 4 |  4.4
Fighting       | 4 |  4.1
Dodging        | 1 |  1.2
Axes           | 1 |  1.0
Throwing       | |  0.1
Stealth        | |  0.3

Action                     |  1- 3 |  4- 6 || total
---------------------------+-------+-------++-------
  Melee: Long sword        |    82 |    64 ||   146
         Headbutt          |     7 |    13 ||    20
         Battleaxe         |       |    15 ||    15
  Throw: Dart              |       |     3 ||     3
    Use: Potion            |     1 |       ||     1
 Armour: Scale mail        |    94 |    62 ||   156
         Chain mail        |       |    14 ||    14
  Dodge: Dodged            |    63 |    52 ||   115
  Block: Buckler           |    21 |    18 ||    39

Table legend: (Time is in decaauts)
 A = Elapsed time spent in this place.
 B = Non-inter-level travel time spent in this place.
 C = Inter-level travel time spent in this place.
 D = Time resting spent in this place.
 E = Time spent auto-exploring this place.
 F = Levels seen in this place.
 G = Mean time per level.
                   A        B        C        D        E       F      G
               +--------+--------+--------+--------+--------+-----+--------+
         Total |   2462 |   2355 |    107 |     53 |      0 |   4 |  615.5 |
       Dungeon |   2462 |   2355 |    107 |     53 |      0 |   4 |  615.5 |
               +--------+--------+--------+--------+--------+-----+--------+

Top non-repeatable levels by time:
     D:2: 952 daAuts
     D:3: 849 daAuts
     D:1: 518 daAuts
     D:4: 142 daAuts
